 Dungeon Crawl Stone Soup version 0.27-a0-1502-g47ed6a6988 (webtiles) character file.

Game seed: 11368953057712228876

46 lunkers the Insei (level 3, -1/28 HPs)
             Began as a Djinni Warper on July 8, 2021.
             Slain by a kobold (5 damage)
             ... on level 2 of the Dungeon.
             The game lasted 00:03:11 (2506 turns).

lunkers the Insei (Djinni Warper)                   Turns: 2506, Time: 00:03:12

Health: -1/28      AC:  5    Str: 11    XL:     3   Next: 92%
Gold:   32         EV:  9    Int: 14    God:
                   SH:  3    Dex: 12

rFire    + + .     SeeInvis .     - Unarmed
rCold    x . .     Faith    .   i - +0 buckler
rNeg     . . .     Spirit   .   h - +0 ring mail
rPois    ∞         Reflect  .   (no helmet)
rElec    .         Harm     .   (no cloak)
rCorr    .         Rampage  .   (no gloves)
Will     .....                  (boots unavailable)
Stlth    +.........             (no amulet)
HPRegen  0.09/turn              (no ring)
MPRegen  0.00/turn              (no ring)

@: flying, very slightly contaminated
A: sickness immunity, fire resistance 2, cold vulnerability 1, float, innate
caster, hp casting, extra vitality 1
a: no special abilities


You were on level 2 of the Dungeon.
You visited 1 branch of the dungeon, and saw 2 of its levels.

You collected 32 gold pieces.

Inventory:

Missiles
 c - 5 boomerangs of dispersal
 f - 5 stones
Armour
 h - a +0 ring mail (worn)
 i - a +0 buckler (worn)
Scrolls
 b - a scroll of blinking
 d - a scroll of identify {unknown}
 g - a scroll of magic mapping {unknown}
 j - a scroll of amnesia {unknown}
 k - a scroll of enchant armour {unknown}
Potions
 a - a potion of resistance {unknown}
 e - a potion of invisibility {unknown}


   Skills:
 - Level 2.0 Fighting
 - Level 0.7 Throwing
 - Level 1.0 Armour
 - Level 2.1 Dodging
 * Level 3.4 Unarmed Combat
 + Level 2.8 Spellcasting


You couldn't memorise any spells.
You knew the following spells:

 Your Spells              Type           Power      Damage    Failure   Level
b - Lesser Beckoning      Tloc           4%         N/A       63%         3
c - Gell's Gravitas       Tloc           4%         N/A       63%         3
d - Teleport Other        Tloc           9%         N/A       63%         3
e - Manifold Assault      Tloc           9%         N/A       100%        5
p - Blink                 Tloc           N/A        N/A       38%         2
w - Sandblast             Erth           18%        2d7       28%         1
Your spell library was empty.

Dungeon Overview and Level Annotations

Branches:
Dungeon (2/15)

Altars:
Ru


Innate Abilities, Weirdness & Mutations

You are immune to sickness and miasma.
You are immune to poison.
Your flesh is very heat resistant. (rF++)
You are vulnerable to cold. (rC-)
You float through the air rather than walking.
You learn spells naturally, not from books.
Your magical power is your life essence.
You have superior vitality. (+4 HP)


Message History

You miscast Sandblast.
You are very lightly contaminated with residual magic.
Nothing appears to happen.
* * * LOW HITPOINT WARNING * * *
The adder barely misses you. The kobold barely misses you.
Unknown command.
Casting: Sandblast (safe; 28% risk of failure)
Confirm with . or Enter, or press ? or * to list all spells.
Aiming: Sandblast (safe; 28% risk of failure)
Press: ? - help, Shift-Dir - straight line, f/p - adder
Aim: an adder (moderately wounded, 63% to hit)
The blast of sand misses the adder.
f - 6 stones
* * * LOW HITPOINT WARNING * * *
The adder barely misses you.
The kobold hits you with a +0 short sword.
* * * LOW HITPOINT WARNING * * *
Unknown command.
Casting: Sandblast (safe; 28% risk of failure)
Confirm with . or Enter, or press ? or * to list all spells.
Aiming: Sandblast (safe; 28% risk of failure)
Press: ? - help, Shift-Dir - straight line, f/p - adder
Aim: an adder (moderately wounded, 63% to hit)
You miscast Sandblast.
Nothing appears to happen.
* * * LOW HITPOINT WARNING * * *
The adder barely misses you.
The kobold hits you with a +0 short sword.
* * * LOW HITPOINT WARNING * * *
Unknown command.
Casting: Sandblast (safe; 28% risk of failure)
Confirm with . or Enter, or press ? or * to list all spells.
Aiming: Sandblast (safe; 28% risk of failure)
Press: ? - help, Shift-Dir - straight line, f/p - adder
Aim: an adder (moderately wounded, 63% to hit)
The blast of sand hits the adder!
You kill the adder!
f - 5 stones
* * * LOW HITPOINT WARNING * * *
The kobold hits you with a +0 short sword.
You die...

#.## #... ..# .......#..
... ....#.. ###.....<...
.. #........#...........
.##......#..#.#.........
........................
........................
.................†......
........#.......@K......
...).................#.#
...##.#.................
#.................#####.
##......####.#..#..#
##.###..####....##...#
................# #...
.#.............## #...
..........._...# #.#


You could see a kobold.

Vanquished Creatures
  An adder (D:2)
  A dart slug (D:1)
  3 endoplasms (D:1)
  A giant cockroach (D:1)
  7 goblins
  4 hobgoblins (D:1)
  7 jackals
  4 kobolds
  2 quokkas (D:1)
  2 ball pythons (D:1)
  2 bats (D:1)
  A frilled lizard (D:1)
  3 rats (D:1)
38 creatures vanquished.

Notes
Turn   | Place    | Note
-------+----------+-------------------------------------------
     0 | D:1      | lunkers the Djinni Warper began the quest for the Orb.
     0 | D:1      | Reached XP level 1. HP: 18/18 MP: 0/0
   123 | D:1      | Reached XP level 2. HP: 5/23 MP: 0/0
  1110 | D:1      | Reached XP level 3. HP: 22/28 MP: 0/0
  1110 | D:1      | Learned a level 1 spell: Sandblast
  1256 | D:1      | Reached skill level 3 in Unarmed Combat
  2170 | D:2      | Found a sacrificial altar of Ru.
  2506 | D:2      | Slain by a kobold

Illustrated notes

Levels and vault maps discovered:
D:1:      zaba_arrival_water, layout_loops_ring, eino_curves_02
D:2:      layout_rooms, basic_altar, hangedman_decor_points

Skill      XL: |  1  2  3 |
---------------+----------+-----
Unarmed Combat | 3 |  3.4
Fighting       | |  2.0
Throwing       | |  0.7
Armour         | |  1.0
Dodging        | |  2.1
Spellcasting   | |  2.8

Action                   || total
-------------------------++-------
Melee: Unarmed           ||   205
 Cast: Sandblast         ||     2
Armor: Leather armour    ||    29
       Ring mail         ||    33
Dodge: Dodged            ||   124
Block: Buckler           ||    17

Table legend: (Time is in decaauts)
 A = Elapsed time spent in this place.
 B = Non-inter-level travel time spent in this place.
 C = Inter-level travel time spent in this place.
 D = Time resting spent in this place.
 E = Time spent auto-exploring this place.
 F = Levels seen in this place.
 G = Mean time per level.
                   A        B        C        D        E       F      G
               +--------+--------+--------+--------+--------+-----+--------+
         Total |   2502 |   2382 |    120 |    518 |   1460 |   2 | 1251.0 |
       Dungeon |   2502 |   2382 |    120 |    518 |   1460 |   2 | 1251.0 |
               +--------+--------+--------+--------+--------+-----+--------+

Top non-repeatable levels by time:
     D:1: 2054 daAuts
     D:2: 447 daAuts
